General information
- name: BNet
- type: Ladder team game (AT/RT)
- host: Battle.net
- saver: S.H.E.E.P
map: Mur'gulOasis
- players: 8
- length: 14:39
- speed: Fast
- version: 1.24 W3XP
- replay type: Public
» download(88 KB)
Players
team 1 (winner)
DA_BIG_BOB (
purple | 63 APM | 928 actions | 14:38)
6 Crypt Lord
3 Carrion Beetles
2 Spiked Carapace
1 Locust Swarm
1 Lich
1 Frost Armor
» actions
| Assign group hotkey | 75 | |
| Basic commands | 45 | |
| Build / train | 46 | |
| Enter build submenu | 13 | |
| Enter hero's abilities submenu | 7 | |
| Right click | 374 | |
| Select / deselect | 190 | |
| Select group hotkey | 154 | |
| Use ability | 24 | |
928 total
» units
| Acolyte | 2 | |
| Ghoul | 27 | |
| Obsidian Statue | 1 | |
30 total
» upgrades
| Ghoul Frenzy | 1 | |
| Unholy Strength | 1 | |
| Unholy Armor | 1 | |
3 total
» buildings
| Crypt | 1 | |
| Altar of Darkness | 1 | |
| Ziggurat | 4 | |
| Nerubian Tower | 1 | |
| Halls of the Dead | 1 | |
| Tomb of Relics | 2 | |
| Graveyard | 1 | |
| Slaughterhouse | 1 | |
| Black Citadel | 1 | |
13 total
» build order
00:08 Crypt
00:14 Altar of Darkness
00:24 Ziggurat
01:39 Ziggurat
01:52 Ziggurat
01:55 Nerubian Tower
03:23 Halls of the Dead
04:07 Ziggurat
04:48 Tomb of Relics
04:52 Graveyard
07:15 Tomb of Relics
07:30 Slaughterhouse
11:16 Black Citadel
» items
InvalidPlayer (
green | 56 APM | 822 actions | 14:38)
5 Archmage
3 Summon Water Elemental
2 Brilliance Aura
1 Paladin
1 Holy Light
» actions
| Assign group hotkey | 31 | |
| Basic commands | 102 | |
| Build / train | 45 | |
| Enter build submenu | 15 | |
| Enter hero's abilities submenu | 6 | |
| Remove unit from queue | 1 | |
| Right click | 198 | |
| Select / deselect | 159 | |
| Select group hotkey | 218 | |
| Use ability | 47 | |
822 total
» units
| Peasant | 10 | |
| Footman | 8 | |
| Rifleman | 10 | |
| Mortar Team | 3 | |
31 total
» upgrades
» buildings
| Altar of Kings | 1 | |
| Barracks | 1 | |
| Farm | 7 | |
| Blacksmith | 1 | |
| Arcane Vault | 1 | |
| Keep | 1 | |
| Workshop | 3 | |
| Lumber Mill | 1 | |
16 total
» build order
00:04 Altar of Kings
00:11 Barracks
00:16 Farm
00:58 Farm
01:40 Farm
02:28 Farm
03:12 Blacksmith
04:00 Arcane Vault
04:57 Keep
05:05 Farm
07:23 Workshop
07:36 Workshop
08:25 Farm
08:25 Farm
11:05 Lumber Mill
14:18 Workshop
» items
| Scroll of Regeneration | 1 | |
| Lesser Clarity Potion | 1 | |
| Scroll of Town Portal | 1 | |
3 total

»
belderrdo21 (
red | 44 APM | 649 actions | 14:38)
4 Paladin
1 Holy Light
1 Divine Shield
2 Devotion Aura
1 Mountain King
1 Storm Bolt
» actions
| Assign group hotkey | 18 | |
| Basic commands | 23 | |
| Build / train | 70 | |
| Enter build submenu | 20 | |
| Enter hero's abilities submenu | 5 | |
| Right click | 214 | |
| Select / deselect | 127 | |
| Select group hotkey | 132 | |
| Use ability | 40 | |
649 total
» units
| Peasant | 21 | |
| Rifleman | 20 | |
| Priest | 4 | |
| Knight | 5 | |
| Mortar Team | 3 | |
53 total
» upgrades
| Gunpowder | 3 | |
| Armor | 2 | |
| Long Rifles | 1 | |
| Priest Training | 1 | |
7 total
» buildings
| Farm | 10 | |
| Town Hall | 1 | |
| Blacksmith | 1 | |
| Barracks | 2 | |
| Lumber Mill | 1 | |
| Altar of Kings | 1 | |
| Keep | 1 | |
| Arcane Sanctum | 1 | |
| Castle | 1 | |
| Workshop | 2 | |
| Gryphon Aviary | 1 | |
22 total
» build order
01:08 Farm
01:52 Farm
02:10 Town Hall
02:30 Blacksmith
02:42 Barracks
02:56 Lumber Mill
03:08 Barracks
03:30 Farm
03:52 Altar of Kings
04:03 Farm
04:19 Farm
05:00 Farm
06:01 Farm
06:37 Keep
07:23 Farm
08:13 Farm
09:08 Arcane Sanctum
09:09 Castle
11:50 Farm
12:44 Workshop
13:46 Workshop
14:30 Gryphon Aviary

»
S.H.E.E.P (
blue | 17 APM | 255 actions | 14:39)
» actions
| Right click | 128 | |
| Select / deselect | 105 | |
| Use ability | 22 | |
255 total
team 2 (loser)

»
1Reborn- (
orange | 36 APM | 478 actions | 13:25)
3 Death Knight
2 Death Coil
1 Unholy Aura
2 Lich
1 Frost Nova
1 Dark Ritual
» actions
| Build / train | 32 | |
| Enter build submenu | 13 | |
| Enter hero's abilities submenu | 5 | |
| Remove unit from queue | 2 | |
| Right click | 251 | |
| Select / deselect | 140 | |
| Use ability | 35 | |
478 total
» units
| Acolyte | 2 | |
| Ghoul | 1 | |
| Crypt Fiend | 10 | |
| Necromancer | 6 | |
19 total
» upgrades
| Creature Attack | 1 | |
| Unholy Strength | 0 | |
| Web | 1 | |
2 total
» buildings
| Graveyard | 1 | |
| Crypt | 3 | |
| Ziggurat | 4 | |
| Altar of Darkness | 1 | |
| Tomb of Relics | 1 | |
| Halls of the Dead | 1 | |
| Temple of the Damned | 1 | |
12 total
» build order
00:11 Graveyard
00:15 Crypt
00:18 Crypt
00:22 Crypt
00:33 Ziggurat
01:12 Altar of Darkness
01:15 Ziggurat
02:15 Tomb of Relics
04:46 Halls of the Dead
05:35 Ziggurat
07:11 Temple of the Damned
12:35 Ziggurat
» items

»
McDouche (
yellow | 56 APM | 724 actions | 13:00)
3 Death Knight
1 Death Coil
2 Unholy Aura
1 Dreadlord
1 Vampiric Aura
» actions
| Build / train | 33 | |
| Enter build submenu | 12 | |
| Enter hero's abilities submenu | 4 | |
| Right click | 448 | |
| Select / deselect | 204 | |
| Use ability | 23 | |
724 total
» units
| Acolyte | 3 | |
| Ghoul | 7 | |
| Crypt Fiend | 9 | |
19 total
» upgrades
| Creature Attack | 1 | |
| Creature Carapace | 1 | |
| Web | 1 | |
3 total
» buildings
| Altar of Darkness | 1 | |
| Ziggurat | 4 | |
| Crypt | 1 | |
| Graveyard | 1 | |
| Nerubian Tower | 1 | |
| Halls of the Dead | 1 | |
| Sacrificial Pit | 1 | |
| Black Citadel | 1 | |
| Boneyard | 3 | |
| Spirit Tower | 2 | |
16 total
» build order
00:07 Altar of Darkness
00:11 Ziggurat
01:00 Crypt
01:08 Graveyard
01:35 Ziggurat
01:36 Nerubian Tower
04:49 Ziggurat
05:07 Halls of the Dead
07:28 Sacrificial Pit
07:33 Black Citadel
07:36 Ziggurat
10:07 Boneyard
10:08 Boneyard
11:29 Boneyard
11:51 Spirit Tower
12:03 Spirit Tower

»
Loutcho (
pink | 28 APM | 353 actions | 12:43)
2 Crypt Lord
1 Carrion Beetles
1 Spiked Carapace
» actions
| Assign group hotkey | 14 | |
| Basic commands | 12 | |
| Build / train | 22 | |
| Enter build submenu | 10 | |
| Enter hero's abilities submenu | 2 | |
| Right click | 112 | |
| Select / deselect | 72 | |
| Select group hotkey | 93 | |
| Use ability | 16 | |
353 total
» units
| Acolyte | 3 | |
| Ghoul | 4 | |
| Crypt Fiend | 5 | |
| Abomination | 1 | |
13 total
» upgrades
» buildings
| Altar of Darkness | 1 | |
| Crypt | 2 | |
| Ziggurat | 4 | |
| Graveyard | 1 | |
| Halls of the Dead | 1 | |
| Tomb of Relics | 1 | |
| Black Citadel | 1 | |
| Slaughterhouse | 2 | |
| Spirit Tower | 2 | |
| Nerubian Tower | 1 | |
16 total
» build order
00:13 Altar of Darkness
00:22 Crypt
00:39 Ziggurat
01:06 Graveyard
01:18 Ziggurat
02:27 Crypt
03:30 Halls of the Dead
05:11 Tomb of Relics
05:16 Ziggurat
06:30 Black Citadel
07:10 Slaughterhouse
07:12 Slaughterhouse
07:19 Ziggurat
07:49 Spirit Tower
07:50 Spirit Tower
08:28 Nerubian Tower
Anc13ntFl4m3s (
teal | 51 APM | 743 actions | 14:37)
3 Blood Mage
2 Flame Strike
1 Siphon Mana
1 Paladin
1 Holy Light
» actions
| Assign group hotkey | 9 | |
| Basic commands | 36 | |
| Build / train | 37 | |
| Enter build submenu | 23 | |
| Enter hero's abilities submenu | 4 | |
| Right click | 308 | |
| Select / deselect | 164 | |
| Select group hotkey | 113 | |
| Use ability | 49 | |
743 total
» units
| Peasant | 8 | |
| Rifleman | 10 | |
| Siege Engine | 7 | |
25 total
» upgrades
| Gunpowder | 1 | |
| Long Rifles | 1 | |
| Barrage | 1 | |
3 total
» buildings
| Altar of Kings | 1 | |
| Farm | 12 | |
| Blacksmith | 1 | |
| Barracks | 1 | |
| Scout Tower | 1 | |
| Arcane Tower | 1 | |
| Keep | 1 | |
| Castle | 1 | |
| Workshop | 4 | |
| Arcane Vault | 1 | |
| Lumber Mill | 1 | |
25 total
» build order
00:23 Altar of Kings
00:47 Farm
00:52 Blacksmith
01:34 Barracks
01:42 Farm
01:52 Farm
02:27 Scout Tower
02:42 Farm
03:03 Arcane Tower
03:27 Farm
04:19 Keep
04:27 Farm
05:23 Farm
07:11 Castle
07:16 Workshop
07:22 Workshop
07:26 Workshop
07:46 Arcane Vault
07:52 Lumber Mill
13:38 Workshop
14:05 Farm
14:07 Farm
14:08 Farm
14:09 Farm
14:11 Farm
Chat log
(00:30 / All) 1Reborn-: unknown? lol
(00:51 / Allies) InvalidPlayer: fuck happened
(01:04 / Allies) DA_BIG_BOB: that happened to me last night as well
(01:07 / Allies) DA_BIG_BOB: how do you do that?
(01:23 / Allies) S.H.E.E.P: Baaaaa
(01:28 / Allies) DA_BIG_BOB: he can control those sheep too
(01:35 / Allies) InvalidPlayer: im getting rifles n mortars
(01:43 / Allies) InvalidPlayer: dont leave guys
(01:55 / Allies) InvalidPlayer: is that a hack
(01:59 / Allies) S.H.E.E.P: Baaaa
(02:00 / Allies) DA_BIG_BOB: has to be
(02:08 / Allies) DA_BIG_BOB: lists his race as unknown
(03:01 / Allies) InvalidPlayer: should we rush
(03:02 / Allies) InvalidPlayer: get Melee
(03:31 / Allies) S.H.E.E.P: Baaa
(04:05 / Allies) S.H.E.E.P: BAAAAAAAAAAAAAAAAAA
(04:20 / Allies) S.H.E.E.P: BAAAAAAAAAAAAAAAAAAAAAAAAAAAAAA BAAAAAAAAAAAAAAAAAAAAAAAAA BAAAAAAAAAAAAAAAAAAAAAAAAAAAAAAAAAAAAAAAAAAAAAAAAA
(05:17 / Allies) InvalidPlayer: get opuit
(05:18 / Allies) InvalidPlayer: get out orange
(05:21 / Allies) InvalidPlayer: or
(05:22 / Allies) InvalidPlayer: purp
(05:30 / Allies) InvalidPlayer: red
(05:31 / Allies) InvalidPlayer: wtf
(05:33 / Allies) InvalidPlayer: i said i was geting rifles
(05:40 / Allies) S.H.E.E.P: hes a mexican
(05:43 / Allies) S.H.E.E.P: no hable ingles
(05:47 / Allies) belderrdo21: i dont se eyou with them
(05:59 / Allies) S.H.E.E.P: damn
(06:00 / Allies) S.H.E.E.P: dissed
(06:02 / Allies) S.H.E.E.P: u just got served
(07:11 / All) S.H.E.E.P: 12aped
(07:19 / All) 1Reborn-: lol?
(08:50 / Allies) S.H.E.E.P: if u snipe all his acos
(08:51 / Allies) S.H.E.E.P: thats something
(09:05 / Allies) S.H.E.E.P: 2 bad his hall has a billion fkin hitpoints
(09:14 / Allies) S.H.E.E.P: foicus yellow dk
(09:15 / Allies) S.H.E.E.P: yellow dk
(09:17 / Allies) S.H.E.E.P: holy slight it
(09:23 / Allies) S.H.E.E.P: 2 late hes long gone
(09:44 / Allies) S.H.E.E.P: YLELOW DEATH KNGIHT
(09:46 / Allies) S.H.E.E.P: HAS 100 HP
(09:49 / Allies) S.H.E.E.P: FOCUS IT IF IT COMES CLOSE
(09:51 / Allies) S.H.E.E.P: AND HOLY LIGHT
(09:52 / Allies) S.H.E.E.P: YELLOW DK
(10:14 / Allies) S.H.E.E.P: OMG 9 HP
(10:16 / Allies) S.H.E.E.P: AND HE GOT AWAY
(10:19 / Allies) S.H.E.E.P: GJ
(10:48 / Allies) belderrdo21: go next
(11:00 / All) S.H.E.E.P: 124PED
(11:39 / Allies) S.H.E.E.P: GREEN HEAL REDS HERO
(11:40 / Allies) S.H.E.E.P: DONT BE A RETARD
(11:56 / Allies) S.H.E.E.P: RED GO STAND BY THE HEALING STATUE
(12:00 / Allies) S.H.E.E.P: DONT BE A RETARD
(12:22 / Allies) S.H.E.E.P: YALL NEED MORTS
(12:25 / Allies) S.H.E.E.P: WOW PURPLE YOU ARE RICH
(12:27 / Allies) S.H.E.E.P: GOING GHOULS ALL GAME?
(12:47 / All) S.H.E.E.P: 3V4
(12:49 / All) S.H.E.E.P: RAPED
(14:16 / Allies) belderrdo21: grweo up fucker